Map: Apotheosis LE

Players

UleakRed - Winner!

  • Race: Protoss Protoss
  • League: Diamond

Tenonee

  • Race: Terran Terran
  • League: Diamond

VOD

Have the link to the VOD?

Description

Time

  • Played on: July 31, 2016, 5:58 a.m.
  • Length: 18:51
Show
View Real Time Build Order
Export as new Build Order

UleakRed Protoss - Winner!

Build Orders: 1 Gate Expand 

Get SALT Encoding   

  12  0:01  Probe (Chrono Boost)  
  13  0:11  Probe (Chrono Boost)  
  14  0:19  Pylon  
  14  0:22  Probe (Chrono Boost)  
  15  0:38  Gateway  
  15  0:39  Probe (Chrono Boost)  
  17  0:50  Probe (Chrono Boost), Assimilator  
  17  1:00  Probe (Chrono Boost)  
  18  1:20  Nexus  
  18  1:36  Cybernetics Core  
  18  1:41  Assimilator  
  18  1:43  Probe (Chrono Boost)  
  19  1:53  Probe (Chrono Boost)  
  20  2:03  Pylon  
  20  2:04  Probe (Chrono Boost)  
  21  2:14  Adept  
  23  2:19  Warp Gate  
  23  2:22  Mothership Core (Chrono Boost)  
  25  2:29  Pylon  
  25  2:33  Probe (Chrono Boost)  
  26  2:40  Probe (Chrono Boost)  
  26  2:43  Probe (Chrono Boost)  
  28  2:49  Stalker  
  28  2:51  Probe (Chrono Boost)  
  31  3:03  Robotics Facility  
  31  3:12  Forge  
  31  3:15  Probe (Chrono Boost)  
  32  3:20  Probe (Chrono Boost)  
  32  3:25  Probe (Chrono Boost)  
  32  3:26  Pylon  
  34  3:35  Probe (Chrono Boost)  
  35  3:49  Observer, Gateway  
  35  3:51  Protoss Ground Weapons Level 1, Gateway  
  37  3:56  Probe (Chrono Boost)  
  37  4:02  Probe (Chrono Boost)  
  38  4:08  Probe (Chrono Boost)  
  39  4:12  Probe (Chrono Boost)  
  40  4:17  Observer  
  40  4:19  Photon Cannon  
  40  4:20  Probe (Chrono Boost)  
  40  4:23  Photon Cannon  
  42  4:29  Probe (Chrono Boost)  
  43  4:33  Stalker  
  43  4:35  Observer  
  46  4:51  Probe (Chrono Boost)  
  46  4:52  Probe (Chrono Boost)  
  48  4:57  Stalker x2  
  52  5:00  Nexus  
  52  5:06  Twilight Council  
  52  5:10  Probe (Chrono Boost)  
  52  5:13  Pylon  
  53  5:17  Immortal  
  57  5:32  Stalker x3  
  63  5:46  Nexus  
  63  5:58  Probe (Chrono Boost)  
  63  5:59  Probe (Chrono Boost)  
  66  6:11  Probe (Chrono Boost)  
  66  6:13  Assimilator, Pylon  
  66  6:16  Assimilator  
  64  6:26  Immortal  
  68  6:39  Probe (Chrono Boost)  
  70  6:40  Resonating Glaives  
  70  6:41  Probe (Chrono Boost)  
  70  6:51  Gateway  
  70  6:52  Gateway x2  
  70  6:53  Templar Archives  
  70  6:55  Protoss Ground Weapons Level 2, Gateway, Pylon  
  70  7:03  Probe x2 (Chrono Boost)  
  70  7:04  Probe (Chrono Boost)  
  73  7:13  Probe (Chrono Boost)  
  73  7:14  Pylon  
  75  7:16  Probe (Chrono Boost)  
  75  7:17  Pylon  
  75  7:18  Adept x2  
  75  7:20  Adept  
  81  7:25  Probe (Chrono Boost)  
  81  7:26  Probe (Chrono Boost)  
  83  7:35  Probe (Chrono Boost)  
  83  7:36  Probe (Chrono Boost)  
  85  7:39  Adept x2  
  85  7:42  Probe (Chrono Boost)  
  90  7:45  Psionic Storm  
  90  7:47  Probe (Chrono Boost)  
  90  7:48  Probe (Chrono Boost)  
  92  7:53  Probe (Chrono Boost), Adept x3  
  92  7:57  Probe (Chrono Boost)  
  100  8:01  Photon Cannon  
  100  8:02  Pylon  
  100  8:05  Adept x2  
  100  8:06  Adept  
  106  8:23  Probe x2 (Chrono Boost)  
  106  8:24  Probe (Chrono Boost)  
  106  8:25  Stalker  
  106  8:26  Stalker  
  113  8:27  Stalker  
  115  8:36  Probe (Chrono Boost)  
  115  8:37  Probe (Chrono Boost)  
  115  8:38  Pylon  
  115  8:39  High Templar x3  
  123  8:41  Assimilator  
  123  8:43  Assimilator  
  123  8:56  Immortal  
  127  9:05  Nexus  
  127  9:09  Pylon  
  127  9:12  Assimilator  
  127  9:13  Adept x2  
  127  9:14  Adept  
  127  9:16  Assimilator  
  133  9:24  Pylon  
  133  9:25  Protoss Ground Weapons Level 3, Pylon  
  133  9:27  Pylon  
  133  9:38  High Templar  
  133  9:39  High Templar  
  128  9:56  Stalker  
  128  9:57  Stalker x4  
  136  10:06  Gateway x2  
  134  10:21  Probe x3 (Chrono Boost)  
  138  10:22  Probe (Chrono Boost)  
  138  10:25  Adept  
  138  10:26  Adept x6  
  152  10:34  Probe (Chrono Boost)  
  143  10:48  Probe x3 (Chrono Boost)  
  143  10:49  Probe (Chrono Boost)  
  147  10:51  Assimilator  
  147  10:56  Pylon  
  147  10:57  Warp Prism  
  147  10:58  Gateway  
  147  10:59  Gateway, Pylon  
  147  11:01  Adept x3, Gateway  
  147  11:02  Adept x4  
  147  11:03  Gateway  
  163  11:11  High Templar  
  163  11:13  High Templar  
  167  11:19  Photon Cannon  
  167  11:21  Photon Cannon  
  167  11:22  Photon Cannon  
  167  11:24  Photon Cannon  
  167  11:28  Photon Cannon  
  167  11:29  Photon Cannon  
  167  11:31  Photon Cannon  
  167  11:32  Photon Cannon  
  167  11:34  Photon Cannon  
  167  11:43  Archon x2  
  101  12:08  High Templar x2  
  101  12:09  High Templar x3  
  101  12:11  Adept x4  
  119  12:23  Protoss Ground Armor Level 1, Immortal  
  123  12:36  Adept x5  
  123  12:37  Adept x3  
  139  12:57  Immortal  
  139  13:00  High Templar x2  
  139  13:01  High Templar x4  
  139  13:02  Adept x3  
  139  13:03  Adept x3  
  167  13:06  Archon x3  
  167  13:21  Stalker  
  169  13:48  Adept x4  
  171  13:49  Adept x5  
  183  14:04  Archon x2  
  183  14:08  Adept x4  
  183  14:09  Adept x4  
  149  14:10  Adept x5  
  135  14:18  Warp Prism  
  135  14:33  Stalker  
  135  14:34  Stalker x2  
  135  14:35  Stalker x2  
  135  14:36  Stalker  
  147  14:59  High Templar  
  149  15:00  High Templar x6  
  149  15:01  High Templar x4  
  169  15:13  Nexus  
  169  15:14  Pylon  
  169  15:17  Pylon, Assimilator  
  169  15:18  Assimilator  
  169  15:19  Pylon  
  169  15:20  Pylon  
  169  15:21  Pylon  
  169  15:22  Pylon  
  169  15:33  Zealot x2  
  169  15:34  Zealot  
  175  15:41  Photon Cannon  
  175  15:42  Photon Cannon  
  174  15:44  Zealot, Photon Cannon x2  
  174  15:46  Photon Cannon  
  174  15:48  Photon Cannon  
  176  15:50  Photon Cannon  
  176  16:01  Charge  
  176  16:03  Protoss Ground Armor Level 2  
  176  16:04  Immortal  
  180  16:25  Stalker x6  
  192  16:36  Stalker x3  
  192  16:38  Immortal  
  192  16:44  Archon x4  
  176  16:51  Adept  
  176  16:52  Adept x5  
  176  16:53  Adept x4  
  140  17:08  Stalker x3  
  142  17:16  Stalker x4  
  128  17:55  High Templar x3  
  128  17:56  High Templar x4  
  128  17:57  High Templar x2  
  146  18:01  Archon x3  
  146  18:02  Archon  
  146  18:05  Pylon  
  146  18:06  Pylon  
  132  18:18  Adept x3  
  132  18:19  Adept  
  118  18:30  High Templar x4  
  118  18:31  High Templar  
Show
View Real Time Build Order
Export as new Build Order

Tenonee Terran 

Build Orders: MMM Bio 

Get SALT Encoding   

  12  0:01  SCV  
  13  0:13  SCV  
  14  0:17  Supply Depot  
  14  0:25  SCV  
  15  0:39  SCV  
  15  0:40  Barracks  
  16  0:45  Refinery  
  16  0:51  SCV  
  17  1:03  Supply Depot, SCV  
  18  1:15  SCV  
  19  1:28  SCV  
  19  1:31  Barracks Reactor  
  20  1:40  Orbital Command  
  20  1:59  Command Center  
  20  2:06  SCV  
  21  2:10  Marine x2  
  23  2:18  SCV  
  23  2:22  Factory  
  24  2:29  Marine  
  25  2:30  Marine, SCV  
  27  2:42  SCV  
  28  2:47  Marine  
  28  2:48  Marine  
  28  2:50  Supply Depot  
  30  2:54  SCV  
  31  3:06  Barracks  
  31  3:10  Widow Mine  
  31  3:11  Starport, SCV  
  34  3:15  Marine x2  
  36  3:21  Orbital Command  
  36  3:25  SCV  
  37  3:37  Marine x2  
  39  3:41  Widow Mine  
  39  3:46  Refinery  
  39  3:47  SCV  
  39  3:48  SCV  
  43  3:50  Starport Reactor  
  43  3:55  Marine  
  43  3:59  Barracks Tech Lab  
  43  4:00  SCV  
  45  4:05  SCV  
  46  4:12  SCV  
  47  4:17  SCV  
  47  4:19  Factory Tech Lab, Supply Depot x2  
  47  4:20  Stimpack  
  47  4:24  SCV  
  49  4:28  Marine x2  
  49  4:29  Marine, SCV  
  53  4:36  SCV  
  53  4:38  Engineering Bay  
  54  4:41  SCV  
  54  4:44  Medivac  
  57  4:46  Marine  
  57  4:48  SCV  
  57  4:52  Supply Depot  
  59  4:53  SCV  
  59  4:54  Marine x2  
  62  5:00  SCV  
  62  5:02  Medivac  
  65  5:07  SCV  
  65  5:09  Marine  
  65  5:12  Supply Depot, Marine, SCV  
  69  5:14  Supply Depot  
  69  5:21  Marine  
  70  5:23  Command Center  
  70  5:27  Marine  
  70  5:28  Siege Tank  
  74  5:29  Marine, SCV x2  
  72  5:46  Marine x2  
  72  5:54  Marine  
  72  5:55  Medivac  
  70  6:03  Marine  
  70  6:04  Marine, SCV x2  
  70  6:07  Refinery  
  70  6:08  Refinery  
  72  6:11  Marine  
  72  6:13  Terran Infantry Weapons Level 1  
  72  6:15  Engineering Bay  
  72  6:16  SCV x2  
  72  6:17  Refinery  
  75  6:20  Refinery  
  75  6:21  Marine  
  72  6:27  Marine  
  72  6:29  Marine, SCV x2  
  76  6:35  Orbital Command  
  76  6:39  Marine  
  77  6:42  Combat Shields  
  77  6:44  Marine  
  77  6:45  Barracks x2, SCV x2  
  80  6:47  Marine  
  81  6:57  Marine, Siege Tank, Medivac  
  81  6:58  SCV  
  81  6:59  SCV  
  89  7:02  Supply Depot  
  89  7:03  Terran Infantry Armor Level 1  
  89  7:12  Liberator x2, SCV x3  
  92  7:16  Supply Depot  
  92  7:23  Marine x2  
  92  7:24  Marine  
  98  7:33  SCV x3  
  104  7:41  Marine x2  
  104  7:42  Armory, Marauder  
  104  7:43  Ghost Academy  
  108  7:45  SCV  
  108  7:48  Barracks Tech Lab, Barracks Reactor  
  109  7:54  Supply Depot  
  109  7:55  Supply Depot  
  109  7:56  Supply Depot  
  109  7:59  Marine x2  
  109  8:00  Missile Turret  
  109  8:03  Missile Turret  
  111  8:09  Marine, Marauder  
  114  8:17  Marine x2  
  115  8:23  Medivac x2  
  115  8:26  Marine  
  120  8:27  Supply Depot  
  120  8:30  Marauder  
  120  8:32  Siege Tank  
  125  8:34  Barracks, Marine  
  125  8:35  Marine  
  125  8:36  Liberator  
  125  8:38  Barracks, Marine x2  
  129  8:44  Marine  
  130  8:51  Marine, SCV x2  
  130  8:52  Marine x2  
  130  8:53  Medivac  
  130  8:54  Terran Infantry Weapons Level 2  
  140  8:56  Marine x2, Personal Cloaking  
  140  9:02  Marine  
  143  9:05  Supply Depot  
  143  9:06  Supply Depot  
  143  9:07  Supply Depot  
  143  9:09  Marine  
  144  9:18  Marine x4  
  144  9:20  Marine  
  144  9:23  Command Center, Terran Infantry Armor Level 2  
  149  9:27  Marine, Siege Tank  
  153  9:31  Barracks Tech Lab x2  
  153  9:34  SCV x2  
  153  9:36  Marine x2  
  157  9:41  Terran Ship Weapons Level 1, Supply Depot  
  157  9:42  Supply Depot  
  129  10:00  Ghost x4  
  129  10:01  Marine x4  
  140  10:19  Marine x2  
  142  10:27  Marine x2  
  142  10:28  Siege Tank, Ghost  
  147  10:29  Marine  
  150  10:40  Marine x2, Ghost x2  
  148  10:46  Ghost  
  148  10:48  Marine x2  
  152  10:57  Barracks, Marine  
  152  10:58  Marine x2, Planetary Fortress  
  152  10:59  Barracks  
  155  11:07  Marine x2  
  155  11:08  Command Center  
  155  11:09  Marine  
  158  11:20  Ghost x3  
  164  11:29  Marine x3  
  164  11:30  Marine  
  136  11:54  Marine x3, Marauder  
  135  12:02  Marine x4  
  135  12:05  SCV x2  
  141  12:15  Ghost  
  141  12:17  Marine  
  141  12:18  Marine x2  
  141  12:20  Marine, Ghost x3  
  153  12:26  Terran Infantry Weapons Level 3  
  153  12:27  Command Center, Terran Infantry Armor Level 3  
  153  12:29  Starport  
  153  12:31  Planetary Fortress  
  153  12:35  Marine  
  153  12:36  Marine x2  
  156  12:39  Refinery  
  156  12:45  Marine x2  
  156  12:48  Marine  
  156  12:49  Marine x2  
  161  12:52  Refinery  
  161  12:53  Marine, Siege Tank  
  161  12:54  Marine x2, Refinery  
  161  12:57  Liberator x2  
  167  12:58  Barracks Tech Lab x2  
  167  13:00  Refinery  
  167  13:03  Marine  
  167  13:04  Marauder  
  164  13:11  Marine  
  164  13:12  Marine  
  166  13:14  Starport Tech Lab  
  172  13:29  Command Center  
  172  13:40  Liberator x2  
  132  14:11  Marine x3, Marauder  
  132  14:12  Marine x3  
  122  14:20  Liberator  
  122  14:22  Marine x3  
  122  14:23  Liberator x2  
  115  14:29  Marine x5  
  115  14:30  Marine  
  119  14:32  Marine  
  122  14:40  Marine x3  
  130  14:47  Marine x2  
  130  14:48  Marauder x2  
  136  14:59  Marine x2, Marauder x3  
  144  15:00  Marine  
  144  15:02  Siege Tank  
  144  15:03  Command Center, Liberator  
  144  15:04  Marine  
  144  15:05  Marine  
  149  15:08  Liberator x2  
  149  15:09  Marine x2  
  150  15:17  Marine x2  
  150  15:18  Marine  
  150  15:20  Marine x3  
  159  15:22  Marine x2  
  159  15:27  Marine x2  
  169  15:34  Siege Tank  
  169  15:35  Marine x2, Ghost  
  174  15:38  Marine, Ghost x2  
  174  15:40  Marine  
  181  15:45  Planetary Fortress  
  181  15:46  Liberator  
  181  15:56  Marine x4, Marauder  
  186  15:59  Terran Ship Weapons Level 2  
  188  16:06  Marine  
  188  16:07  Marine  
  154  16:48  Liberator  
  119  17:02  Marine, Marauder  
  119  17:03  Marine x8  
  111  17:20  Marine  
  111  17:21  Marine x8  
  111  17:24  Marauder  
  111  17:26  Liberator  
  103  17:34  Orbital Command  
  103  17:38  Marine, Ghost x4  
  103  17:39  Marine x3  
  103  17:41  Orbital Command, Refinery  
  102  18:18  Marine x2  
  102  18:19  Marauder  
Tags
 
Add a new tag
Caveats
  • Supply blocks, unpowered buildings, or Contaminate may cause inaccurate times.
  • Supply counts are checked every 10 seconds.